 Dungeon Crawl Stone Soup version 0.24-a0-441-g27f0392e16 (webtiles) character file.

Game seed: 18078962588144193690

25 gruber the Conjurer (level 3, -3/21 HPs)
             Began as an Octopode Conjurer on June 19, 2019.
             Slain by a kobold
             ... wielding a +0 dagger of electrocution
              (19 damage)
             ... on level 2 of the Dungeon.
             The game lasted 00:01:30 (1009 turns).

gruber the Conjurer (Octopode Conjurer)             Turns: 1009, Time: 00:01:31

Health: -3/21      AC:  1    Str:  7    XL:     3   Next: 4%
Magic:  6/6        EV: 13    Int: 18    God:
Gold:   35         SH:  0    Dex: 12    Spells: 3/6 levels left

rFire    . . .     SeeInvis .   c - +0 spear
rCold    . . .     Gourm    .   (no shield)
rNeg     . . .     Faith    .   (helmet restricted)
rPois    .         Spirit   .   (no amulet)
rElec    .         Reflect  .   (no ring)
rCorr    .         Harm     .   (no ring)
MR       .....                  (no ring)
Stlth    +++.......             (no ring)
HPRegen  0.07/turn              (no ring)
MPRegen  0.10/turn              (no ring)
                                (no ring)
                                (no ring)

@: no status effects
A: almost no armour, stealthy swim, amphibious, 8 rings, constrict 8, camouflage
1, gelatinous body 1
a: no special abilities


You were on level 2 of the Dungeon.
You were not hungry.

You visited 1 branch of the dungeon, and saw 2 of its levels.

You collected 35 gold pieces.

Inventory:

Hand Weapons
 c - a +0 spear (weapon)
Missiles
 j - 5 atropa-tipped darts (quivered)
Jewellery
 k - a cursed -4 ring of evasion {unknown}
Scrolls
 a - 2 scrolls of blinking {unknown}
 d - 2 scrolls of magic mapping {unknown}
 e - a scroll of random uselessness {unknown}
 f - 3 scrolls of remove curse {unknown}
 g - 2 scrolls of enchant armour {unknown}
 h - 3 scrolls of identify {unknown}
 i - a scroll of teleportation {unknown}
Potions
 l - a potion of invisibility {unknown}
Comestibles
 b - 2 rations


   Skills:
 - Level 2.0 Dodging
 - Level 2.6 Stealth
 * Level 2.2 Spellcasting
 + Level 4.7 Conjurations


You had 3 spell levels left.
You knew the following spells:

 Your Spells              Type           Power        Failure   Level  Hunger
a - Magic Dart            Conj           ###.         2%          1    #......
b - Searing Ray           Conj           ###...       3%          2    ##.....

Your spell library contained the following spells:

 Spells                   Type           Power        Failure   Level  Hunger
 Dazzling Spray           Conj/Hex       ##....       21%         3    ###....
 Iskenderun's Mystic Bla  Conj           ###.....     26%         4    #####..
 Force Lance              Conj/Tloc      ##......     54%         4    #####..
 Fulminant Prism          Conj/Hex       ##........   54%         4    #####..


Dungeon Overview and Level Annotations

Branches:
Dungeon (2/15)

Altars:
Okawaru


Innate Abilities, Weirdness & Mutations

You cannot wear most types of armour.
You are very stealthy in the water. (Stealth+)
You are amphibious.
You can wear up to eight rings at the same time.
You can use your tentacles to constrict eight enemies at once.
Your skin changes colour to match your surroundings (Stealth+).
Your rubbery body absorbs attacks. (AC +1, EV +1)


Message History

You kill the kobold!
No target in view!
No target in view!
Things that are here:
a +0 whip; a kobold corpse
Found an iron altar of Okawaru.
A kobold comes into view.
It is wielding a +0 dagger of electrocution.
A kobold is nearby!
A kobold is nearby!
The kobold shouts!
The kobold throws a stone.
The stone misses you.
You see here a stone.
Attack whom?
Press: ? - help, Dir - move target cursor, f - kobold
Aim: a kobold, wielding a +0 dagger of electrocution You reach to attack!
You miss the kobold. You closely miss the kobold. You grab the kobold.
You constrict the kobold. The kobold hits you but does no damage.
You are electrocuted!!
Ouch! That really hurt!
You die...

#### ##...##
########@K...# #
#######......(.....#
.##.....#.######.....#
#.#..#....# ##...##
#..#_#...# #.##
#..#..### .# #..)..#
.# ##.(### .#
####...##


You could see a kobold.

Vanquished Creatures
  A dart slug (D:1)
  4 giant cockroaches (D:1)
  5 goblins
  A hobgoblin (D:2)
  A ball python (D:1)
  A bat (D:1)
  2 frilled lizards (D:1)
  3 kobolds
  3 rats (D:1)
21 creatures vanquished.

Notes
Turn   | Place    | Note
-------+----------+-------------------------------------------
     0 | D:1      | gruber the Octopode Conjurer began the quest for the Orb.
     0 | D:1      | Reached XP level 1. HP: 11/11 MP: 3/3
   124 | D:1      | Reached XP level 2. HP: 17/17 MP: 5/5
   159 | D:1      | Learned a level 2 spell: Searing Ray
   957 | D:2      | Reached XP level 3. HP: 20/21 MP: 6/6
   996 | D:2      | Found an iron altar of Okawaru.
  1009 | D:2      | Slain by a kobold

Levels and vault maps discovered:
D:1:      minmay_arrival_plants_in_alcoves, layout_loops_corners,
          minmay_tromino_v4_a
D:2:      layout_loops_ring, okawaru_metal_pillars_1_2, first_ration,
          minmay_quadrilaterals

Action                   || total
-------------------------++-------
Melee: Spear             ||    45
       Constrict         ||    10
       Tentacles         ||     4
 Cast: Magic Dart        ||     6
 Stab: Sleeping          ||     7
Armor: Skin              ||     3
Dodge: Dodged            ||    16

Table legend:
 A = Non-vault XP
 B = Vault XP
 C = Vault XP percentage of total XP
 D = Non-vault monster count
 E = Vault monster count
 F = Vault count percentage of total count
                 A         B        C        D         E       F
            +---------+---------+-------+---------+---------+-------
      Total |      32 |       4 |  11.1 |      18 |       3 |  14.3
            +---------+---------+-------+---------+---------+-------
        D:1 |      26 |       2 |   7.1 |      15 |       2 |  11.8
        D:2 |       6 |       2 |  25.0 |       3 |       1 |  25.0
            +---------+---------+-------+---------+---------+-------
